 Dungeon Crawl Stone Soup version 0.22.0-49-gab54619 (webtiles) character file.

23550 dysrexia the Martial Artist (level 13, -10/98 HPs)
             Began as a Gnoll Transmuter on Sept 1, 2018.
             Was an Elder of Wu Jian.
             Mangled by Snorg (21 damage)
             ... on level 5 of the Lair of Beasts on Sept 4, 2018.
             The game lasted 00:55:55 (17999 turns).

dysrexia the Martial Artist (Gnoll Transmuter)     Turns: 17999, Time: 00:55:55

Health: -10/98     AC:  9    Str: 16    XL:     13   Next: 7%
Magic:  34/35      EV: 19    Int: 15    God:    Wu Jian [****..]
Gold:   923        SH:  5    Dex: 18    Spells: 12/30 levels left

rFire    . . .     SeeInvis .     - Unarmed
rCold    . . .     Gourm    .   (shield currently unavailable)
rNeg     + . .     Faith    .   b - +0 robe
rPois    .         Spirit   .   y - +1 helmet
rElec    .         Reflect  +   H - +2 cloak "Jolan" {rN+}
rCorr    +         Harm     .   (gloves currently unavailable)
MR       .....                  c - +0 pair of boots
Stlth    ++++......             f - +5 amulet of reflection
HPRegen  0.26/turn              i - ring of resist corrosion
MPRegen  0.24/turn              z - ring of magical power

@: exhausted, blade hands (expiring)
A: distributed training, fangs 1, strong nose
a: End Transformation, Wall Jump, Serpent's Lash, Renounce Religion


You were on level 5 of the Lair of Beasts.
You worshipped Wu Jian.
Wu Jian was greatly pleased with you.
You were not hungry.
You had blades for hands.
You visited 2 branches of the dungeon, and saw 15 of its levels.

You collected 947 gold pieces.
You spent 24 gold pieces at shops.

Inventory:

Missiles
 a - 288 arrows
 m - 11 curare-tipped needles
 B - 51 poisoned needles
Armour
 b - a +0 robe (worn)
 c - a +0 pair of boots (worn)
 n - a +2 shield
 p - a +1 pair of gloves (melded)
 y - a +1 helmet (worn)
 H - the +2 cloak "Jolan" (worn) {rN+}
   (You found it on level 10 of the Dungeon)

   It protects you from negative energy.
Jewellery
 f - a +5 amulet of reflection (around neck)
 i - a ring of resist corrosion (left scythe-like blade)
 w - the amulet "Pofus" {RegenMP *Slow rElec rPois rN++}
   (You took it off a wight on level 6 of the Dungeon)

   [amulet of magic regeneration]

   It increases your magic regeneration.
   It insulates you from electricity.
   It protects you from poison.
   It greatly protects you from negative energy.
   It may slow you when you take damage.
 z - a ring of magical power (right scythe-like blade)
Wands
 k - a wand of iceblast (15)
 v - a wand of acid (15)
 E - a wand of paralysis (13)
Scrolls
 g - 3 scrolls of magic mapping
 h - 6 scrolls of identify
 j - 5 scrolls of teleportation
 o - 2 scrolls of blinking
 s - 3 scrolls of amnesia
 u - 2 scrolls of fog
 I - a scroll of fear
 J - 4 scrolls of remove curse
 L - a scroll of silence {unknown}
 M - a scroll of torment {unknown}
 N - a scroll of enchant weapon {unknown}
 Q - a scroll of summoning {unknown}
Potions
 e - 8 potions of flight
 l - 3 potions of agility
 q - 2 potions of lignification
 r - a potion of cancellation
 t - 4 potions of curing
 x - 2 potions of brilliance
 A - 3 potions of mutation
 D - a potion of heal wounds
 F - 3 potions of haste
 G - a potion of degeneration
 P - a potion of ambrosia {unknown}
Miscellaneous
 C - a lightning rod (4/4)
 K - a box of beasts
Comestibles
 d - 27 rations
 O - a chunk of flesh


   Skills:
 + Level 8.2 Fighting
 + Level 7.8 Short Blades
 + Level 7.8 Long Blades
 + Level 7.8 Axes
 + Level 7.8 Maces & Flails
 + Level 7.8 Polearms
 + Level 7.8 Staves
 + Level 7.8 Slings
 + Level 7.8 Bows
 + Level 7.8 Crossbows
 + Level 7.8 Throwing
 + Level 7.8 Armour
 + Level 9.1 Dodging
 + Level 7.8 Stealth
 + Level 7.8 Shields
 + Level 10.1 Unarmed Combat
 + Level 9.3 Spellcasting
 + Level 6.4 Conjurations
 + Level 6.4 Hexes
 + Level 6.4 Charms
 + Level 6.4 Summonings
 + Level 6.4 Necromancy
 + Level 6.4 Translocations
 + Level 7.6 Transmutations
 + Level 6.4 Fire Magic
 + Level 6.4 Ice Magic
 + Level 6.4 Air Magic
 + Level 6.4 Earth Magic
 + Level 6.4 Poison Magic
 + Level 8.5 Invocations
 + Level 7.8 Evocations


You had 12 spell levels left.
You knew the following spells:

 Your Spells              Type           Power        Failure   Level  Hunger
a - Beastly Appendage     Tmut           ####..       12%         1    None
b - Sticks to Snakes      Tmut           ####....     13%         2    None
c - Spider Form           Tmut/Pois      ####......   21%         3    #......
d - Blade Hands           Tmut           ####......   52%         5    #####..
e - Mephitic Cloud        Conj/Pois/Air  ####....     22%         3    #......
f - Ice Form              Ice/Tmut       ####....     36%         4    ###....

Your spell library contained the following spells:

 Spells                   Type           Power        Failure   Level  Hunger
 Animate Skeleton         Necr           N/A          13%         1    None
 Magic Dart               Conj           ####         13%         1    None
 Pain                     Necr           ####         13%         1    None
 Poisonous Vapours        Pois/Air       ####..       16%         2    None
 Searing Ray              Conj           ####..       16%         2    None
 Conjure Flame            Conj/Fire      ####....     22%         3    #......
 Dazzling Spray           Conj/Hex       ####..       22%         3    #......
 Regeneration             Chrm/Necr      ####......   22%         3    #......
 Vampiric Draining        Necr           ####......   22%         3    #......
 Animate Dead             Necr           N/A          41%         4    ###....
 Force Lance              Conj/Tloc      ####....     41%         4    ###....
 Fulminant Prism          Conj/Hex       ####......   41%         4    ###....
 Iskenderun's Mystic Bla  Conj           ####....     41%         4    ###....
 Freezing Cloud           Conj/Ice/Air   ####......   97%         6    ######.
 Ring of Flames           Chrm/Fire      ####......   100%        7    #######


Dungeon Overview and Level Annotations

Branches:
Dungeon (10/15)            Temple (0/1) D:6            Lair (5/6) D:10
  Swamp (0/4) Lair:3       Spider (0/4) Lair:2
  Slime: Lair:5-6       Orc: D:9-12

Altars:
Fedhas
Kikubaaqudgha
Trog
Uskayaw
Wu Jian
Zin

Shops:
D:8 *(

Annotations:
D:8 1 runed door
Lair:5 Snorg


Innate Abilities, Weirdness & Mutations

Your experience applies equally to all skills.
You have very sharp teeth.
Your uncanny sense of smell can sniff out nearby items.


Message History

You slice Snorg!! Your slash misses Snorg. Your bite misses Snorg.
Snorg is almost dead.
Snorg goes berserk!
You are too exhausted to lash out.
Snorg barely misses you. Snorg claws you. x2
You spin and attack Snorg.
You hit Snorg.
Snorg is almost dead.
Snorg completely misses you. Snorg claws you!
* * * LOW HITPOINT WARNING * * *
Snorg closely misses you.
Found 20 gold pieces.
You slash Snorg!
Snorg is almost dead.
Snorg bites you.
* * * LOW HITPOINT WARNING * * *
Snorg claws you but does no damage. Snorg claws you.
* * * LOW HITPOINT WARNING * * *
Okay, then.
Snorg bites you!!
You die...

.... ...?..........
#..#...P.........
#..#..#........ ..
#....P.#.... ....
###.....#.# ....#
##.....#####..#
#...>..#.#..#
#...........####
#...T@........P#
##.............#
###..............#
#..............<.##
#.................#
##...............##
#................#
###..............#
#............P.#


You could see Snorg (berserk).

Vanquished Creatures
  Josephine (Lair:4)
  2 hydras (Lair:3)
  2 two-headed ogres (D:10)
  A cyclops (D:10)
  5 black mambas
  3 elephants (Lair:4)
  5 komodo dragons
  6 spiny frogs
  A polar bear (Lair:2)
  Grinder (D:4)
  8 blink frogs
  7 hippogriffs
  A wyvern (D:9)
  A spriggan (Lair:2)
  5 wraiths
  2 basilisks
  A human (D:8)
  18 yaks
  3 hogs (D:8)
  A hungry ghost (D:10)
  A swamp worm (Lair:3)
  4 water moccasins
  4 porcupines
  3 ice beasts
  3 orc warriors
  4 sky beasts
  3 black bears
  5 ogres
  3 wolves (Lair:2)
  A centaur (D:9)
  8 crocodiles
  14 bullfrogs
  6 scorpions
  A water moccasin skeleton (D:9)
  3 killer bees (D:10)
  7 wights
  A howler monkey (D:6)
  An electric eel (Lair:3)
  6 crimson imps
  A bullfrog zombie (D:7)
  3 hounds
  A centaur skeleton (D:10)
  5 orc wizards
  3 orc priests
  A jelly (D:9)
  3 bullfrog skeletons
  2 iguanas
  5 worker ants
  3 hound zombies
  2 hound skeletons
  Robin (D:3)
  15 adders
  10 gnolls
  2 shadow imps
  An adder skeleton (D:7)
  An adder zombie (D:9)
  3 worms (D:2)
  2 dart slugs
  7 leopard geckos
  20 orcs
  9 bats
  4 giant cockroaches
  12 goblins
  9 hobgoblins
  11 jackals
  7 quokkas
  9 frilled lizards
  5 kobolds
  13 rats
  A plant (Lair:3)
323 creatures vanquished.

Vanquished Creatures (collateral kills)
  An adder (D:2)
1 creature vanquished.

Vanquished Creatures (others)
  A fungus (Lair:4)
  A plant (Lair:4)
2 creatures vanquished.

Grand Total: 326 creatures vanquished

Notes
Turn   | Place    | Note
-------+----------+-------------------------------------------
     0 | D:1      | dysrexia the Gnoll Transmuter began the quest for the Orb.
     0 | D:1      | Reached XP level 1. HP: 17/17 MP: 6/6
    62 | D:1      | Reached XP level 2. HP: 21/23 MP: 5/7
   378 | D:1      | Reached XP level 3. HP: 28/28 MP: 9/9
   452 | D:2      | Reached skill level 5 in Spellcasting
   494 | D:2      | Reached skill level 1 in Invocations
   734 | D:1      | Learned a level 2 spell: Sticks to Snakes
   738 | D:1      | Learned a level 3 spell: Spider Form
   801 | D:2      | Reached skill level 1 in Short Blades
   801 | D:2      | Reached skill level 1 in Long Blades
   801 | D:2      | Reached skill level 1 in Axes
   801 | D:2      | Reached skill level 1 in Maces & Flails
   801 | D:2      | Reached skill level 1 in Polearms
   801 | D:2      | Reached skill level 1 in Staves
   801 | D:2      | Reached skill level 1 in Slings
   801 | D:2      | Reached skill level 1 in Bows
   801 | D:2      | Reached skill level 1 in Crossbows
   801 | D:2      | Reached skill level 1 in Throwing
   801 | D:2      | Reached skill level 1 in Armour
   801 | D:2      | Reached skill level 1 in Stealth
   801 | D:2      | Reached skill level 1 in Shields
   801 | D:2      | Reached skill level 1 in Evocations
   847 | D:2      | Reached XP level 4. HP: 32/34 MP: 11/11
   920 | D:2      | Found a bloodstained altar of Trog.
  1063 | D:2      | Noticed a phantom
  1482 | D:2      | Reached skill level 1 in Conjurations
  1482 | D:2      | Reached skill level 1 in Hexes
  1482 | D:2      | Reached skill level 1 in Charms
  1482 | D:2      | Reached skill level 1 in Summonings
  1482 | D:2      | Reached skill level 1 in Necromancy
  1482 | D:2      | Reached skill level 1 in Translocations
  1482 | D:2      | Reached skill level 1 in Fire Magic
  1482 | D:2      | Reached skill level 1 in Ice Magic
  1482 | D:2      | Reached skill level 1 in Air Magic
  1482 | D:2      | Reached skill level 1 in Earth Magic
  1482 | D:2      | Reached skill level 1 in Poison Magic
  1626 | D:2      | Found an ornate altar of the Wu Jian Council.
  1626 | D:2      | Found a glowing silver altar of Zin.
  1627 | D:2      | Found a bloodstained altar of Trog.
  1644 | D:2      | Became a worshipper of the Wu Jian Council
  1859 | D:3      | Reached XP level 5. HP: 37/40 MP: 12/12
  2259 | D:3      | Learned a level 5 spell: Blade Hands
  2299 | D:3      | Noticed Robin
  2326 | D:3      | Killed Robin
  2499 | D:4      | Reached * piety under Wu Jian
  2501 | D:4      | Reached XP level 6. HP: 34/47 MP: 8/13
  2699 | D:4      | Noticed Grinder
  2706 | D:4      | Paralysed by Grinder for 3 turns
  2712 | D:4      | Killed Grinder
  2712 | D:4      | Reached skill level 5 in Dodging
  2712 | D:4      | Reached XP level 7. HP: 23/52 MP: 7/15
  2956 | D:4      | Found a hide-covered altar of Uskayaw.
  3001 | D:4      | Reached skill level 7 in Unarmed Combat
  3179 | D:5      | Entered Level 5 of the Dungeon
  3291 | D:5      | HP: 1/52 [ogre/giant club (23)]
  4150 | D:5      | Reached XP level 8. HP: 59/60 MP: 16/16
  5028 | D:6      | Reached ** piety under Wu Jian
  5187 | D:6      | Found a staircase to the Ecumenical Temple.
  5207 | D:6      | Got an ancient copper amulet
  5832 | D:7      | Identified the amulet "Pofus" {RegenMP *Slow rElec rPois
                  | rN++} (You took it off a wight on level 6 of the Dungeon)
  6313 | D:7      | Reached XP level 9. HP: 52/66 MP: 12/18
  6383 | D:7      | Reached skill level 5 in Transmutations
  6533 | D:7      | Found an ancient bone altar of Kikubaaqudgha.
  6535 | D:7      | Found a blossoming altar of Fedhas.
  7086 | D:8      | Learned a level 3 spell: Mephitic Cloud
  7414 | D:8      | Found Rety Hel's Antique Weapon Shoppe.
  7443 | D:8      | Found a runed door.
  7445 | D:8      | Noticed a sixfirhy
  7511 | D:8      | Reached skill level 5 in Fighting
  7539 | D:8      | Reached skill level 8 in Unarmed Combat
  7548 | D:8      | Reached *** piety under Wu Jian
  7548 | D:8      | Reached skill level 5 in Invocations
  8165 | D:8      | Found Onuxu's General Store.
  8199 | D:8      | Bought a scroll of identify for 24 gold pieces
  8493 | D:9      | Reached XP level 10. HP: 74/74 MP: 20/20
  9200 | D:9      | Reached skill level 5 in Short Blades
  9200 | D:9      | Reached skill level 5 in Long Blades
  9200 | D:9      | Reached skill level 5 in Axes
  9200 | D:9      | Reached skill level 5 in Maces & Flails
  9200 | D:9      | Reached skill level 5 in Polearms
  9200 | D:9      | Reached skill level 5 in Staves
  9200 | D:9      | Reached skill level 5 in Slings
  9200 | D:9      | Reached skill level 5 in Bows
  9200 | D:9      | Reached skill level 5 in Crossbows
  9200 | D:9      | Reached skill level 5 in Throwing
  9200 | D:9      | Reached skill level 5 in Armour
  9200 | D:9      | Reached skill level 5 in Stealth
  9200 | D:9      | Reached skill level 5 in Shields
  9200 | D:9      | Reached skill level 5 in Evocations
  9553 | D:10     | Entered Level 10 of the Dungeon
  9575 | D:10     | Learned a level 4 spell: Ice Form
  9577 | D:10     | Found a staircase to the Lair.
  9577 | D:10     | Noticed a cyclops
 10080 | D:10     | Killed a cyclops
 10385 | D:10     | Reached XP level 11. HP: 79/82 MP: 22/22
 10427 | D:10     | Noticed a two-headed ogre
 10438 | D:10     | Killed a two-headed ogre
 10438 | D:10     | Reached **** piety under Wu Jian
 10831 | D:10     | Got a warped cloak
 10836 | D:10     | Identified the +2 cloak "Jolan" {rN+} (You found it on
                  | level 10 of the Dungeon)
 11104 | D:10     | Reached skill level 9 in Unarmed Combat
 11423 | D:10     | Noticed a two-headed ogre
 11430 | D:10     | Killed a two-headed ogre
 11430 | D:10     | Reached skill level 5 in Conjurations
 11430 | D:10     | Reached skill level 5 in Hexes
 11430 | D:10     | Reached skill level 5 in Charms
 11430 | D:10     | Reached skill level 5 in Summonings
 11430 | D:10     | Reached skill level 5 in Necromancy
 11430 | D:10     | Reached skill level 5 in Translocations
 11430 | D:10     | Reached skill level 5 in Fire Magic
 11430 | D:10     | Reached skill level 5 in Ice Magic
 11430 | D:10     | Reached skill level 5 in Air Magic
 11430 | D:10     | Reached skill level 5 in Earth Magic
 11430 | D:10     | Reached skill level 5 in Poison Magic
 11474 | Lair:1   | Entered Level 1 of the Lair of Beasts
 12881 | Lair:2   | Found a hole to the Spider Nest.
 13687 | Lair:3   | Reached XP level 12. HP: 77/91 MP: 24/24
 13692 | Lair:3   | Reached ***** piety under Wu Jian
 14019 | Lair:3   | Found a staircase to the Swamp.
 14192 | Lair:3   | Noticed a six-headed hydra
 14197 | Lair:3   | Killed a six-headed hydra
 14641 | Lair:3   | Noticed a four-headed hydra
 14652 | Lair:3   | Killed a four-headed hydra
 15537 | Lair:4   | Noticed Josephine
 15896 | Lair:4   | Reached skill level 10 in Unarmed Combat
 16053 | Lair:4   | Killed Josephine
 16377 | Lair:3   | Upgraded the game from 0.22.0-40-g68aacdc to
                  | 0.22.0-49-gab54619
 16481 | Lair:4   | Reached XP level 13. HP: 86/98 MP: 26/26
 17976 | Lair:5   | Noticed Snorg
 17999 | Lair:5   | Mangled by Snorg

Skill      XL: |  1  2  3  4  5  6  7  8  9 10 11 12 |
---------------+-------------------------------------+-----
Spellcasting   | 5 6 7 8 9 |  9.3
Invocations    | 1 2 3 4 5 6 7 8 |  8.5
Short Blades   | 1 2 3 4 5 6 7 |  7.8
Long Blades    | 1 2 3 4 5 6 7 |  7.8
Axes           | 1 2 3 4 5 6 7 |  7.8
Maces & Flails | 1 2 3 4 5 6 7 |  7.8
Polearms       | 1 2 3 4 5 6 7 |  7.8
Staves         | 1 2 3 4 5 6 7 |  7.8
Slings         | 1 2 3 4 5 6 7 |  7.8
Bows           | 1 2 3 4 5 6 7 |  7.8
Crossbows      | 1 2 3 4 5 6 7 |  7.8
Throwing       | 1 2 3 4 5 6 7 |  7.8
Armour         | 1 2 3 4 5 6 7 |  7.8
Stealth        | 1 2 3 4 5 6 7 |  7.8
Shields        | 1 2 3 4 5 6 7 |  7.8
Evocations     | 1 2 3 4 5 6 7 |  7.8
Conjurations   | 1 2 3 4 5 6 |  6.4
Hexes          | 1 2 3 4 5 6 |  6.4
Charms         | 1 2 3 4 5 6 |  6.4
Summonings     | 1 2 3 4 5 6 |  6.4
Necromancy     | 1 2 3 4 5 6 |  6.4
Translocations | 1 2 3 4 5 6 |  6.4
Fire Magic     | 1 2 3 4 5 6 |  6.4
Ice Magic      | 1 2 3 4 5 6 |  6.4
Air Magic      | 1 2 3 4 5 6 |  6.4
Earth Magic    | 1 2 3 4 5 6 |  6.4
Poison Magic   | 1 2 3 4 5 6 |  6.4
Fighting       | 3 4 5 6 7 8 |  8.2
Transmutations | 4 5 6 7 |  7.6
Dodging        | 5 6 7 8 9 |  9.1
Unarmed Combat | 7 8 9 10 | 10.1

Action                   |  1- 3 |  4- 6 |  7- 9 | 10-12 | 13-15 || total
-------------------------+-------+-------+-------+-------+-------++-------
Melee: Unarmed           |   103 |   196 |   333 |   672 |    72 ||  1376
       Kick              |     6 |       |       |       |       ||     6
       Bite              |     3 |    27 |    35 |    44 |     8 ||   117
       Punch             |     1 |     1 |     7 |    18 |     2 ||    29
       Headbutt          |       |     6 |       |       |       ||     6
 Cast: Beastly Appendage |     5 |     4 |       |       |       ||     9
       Spider Form       |     1 |     4 |    12 |     5 |       ||    22
       Sticks to Snakes  |       |     1 |       |       |       ||     1
       Blade Hands       |       |       |     1 |     7 |     2 ||    10
       Mephitic Cloud    |       |       |     2 |       |       ||     2
       Ice Form          |       |       |       |    17 |       ||    17
Invok: Lunge             |       |    12 |    38 |    88 |    14 ||   152
       Whirlwind         |       |       |    23 |   147 |    15 ||   185
       Wall Jump         |       |       |     6 |    16 |     1 ||    23
       Serpent's Lash    |       |       |       |     4 |     3 ||     7
  Use: Scroll            |     5 |     3 |     9 |     7 |       ||    24
       Potion            |       |     1 |     1 |     1 |     1 ||     4
 Stab: Sleeping          |     1 |     3 |    10 |    17 |     2 ||    33
       Confused          |       |       |     1 |       |       ||     1
       Distracted        |       |       |       |     2 |       ||     2
  Eat: Chunk             |       |     7 |    15 |    32 |       ||    54
       Ration            |       |       |     1 |     1 |     2 ||     4
Armor: Robe              |    19 |    25 |    33 |    43 |     5 ||   125
       Skin              |       |       |     3 |    21 |       ||    24
Dodge: Dodged            |    81 |    97 |   185 |   373 |    43 ||   779
Block: Shield            |       |    30 |       |       |       ||    30
       Other             |       |       |    16 |    99 |    18 ||   133
